1823 views
Uploaded 2023-04-04 22:31:16
Game version 1.35 (6115)
15:57 long 4on4 ladder game on (8)WellspringTemple_S2_v1.2
Saved by DKnight
1823 views
Uploaded 2023-04-04 22:31:16
Game version 1.35 (6115)
15:57 long 4on4 ladder game on (8)WellspringTemple_S2_v1.2


88 units @ 12.3k
/ 1.4k
58 buildings @ 9.5k
/ 3.4k

| Potion of Healing | 2 | 300 |
| Orb of Lightning | 1 | 375 |
| Potion of Mana | 1 | 200 |
| Healing Salve | 1 | 100 |
| Lesser Clarity Potion | 1 | 70 |
| Scroll of Town Portal | 2 | 700 |
| total: | 8 | 1745g |
| Peon | 20 | 1500 | / | 0 |
| Grunt | 4 | 800 | / | 0 |
| Demolisher | 4 | 880 | / | 200 |
| Goblin Shredder | 1 | 375 | / | 100 |
| total: | 29 | 3555g | / | 300w |
| Watch Tower | 5 | 550 | / | 400 |
| Altar of Storms | 2 | 360 | / | 100 |
| Orc Burrow | 4 | 640 | / | 160 |
| Barracks | 2 | 360 | / | 100 |
| War Mill | 2 | 410 | / | 0 |
| Great Hall | 1 | 385 | / | 185 |
| Voodoo Lounge | 1 | 130 | / | 30 |
| Stronghold | 1 | 315 | / | 190 |
| Fortress | 1 | 325 | / | 190 |
| total: | 17 | 2835g | / | 975w |
| 0:05 | Peon |
| 0:05 | Peon |
| 0:05 | Peon |
| 0:14 | Altar of Storms |
| 0:24 | Orc Burrow |
| 0:39 | Barracks |
| 0:46 | Peon |
| 1:09 | Peon |
| 1:40 | Grunt |
| 1:50 | Orc Burrow |
| 2:28 | Wind Walk |
| 2:31 | Grunt |
| 2:41 | Barracks |
| 2:47 | Peon |
| 2:47 | Peon |
| 2:49 | Grunt |
| 3:17 | War Mill |
| 3:42 | Stronghold |
| 4:36 | Critical Strike |
| 4:44 | Great Hall |
| 4:59 | Spiked Barricades |
| 5:18 | Grunt |
| 5:42 | Orc Burrow |
| 6:08 | Demolisher |
| 6:20 | Potion of Healing |
| 6:42 | Reinforced Defenses |
| 7:03 | Demolisher |
| 7:07 | Demolisher |
| 7:40 | Voodoo Lounge |
| 8:08 | Peon |
| 8:08 | Peon |
| 8:08 | Peon |
| 8:08 | Peon |
| 8:55 | Demolisher |
| 9:17 | Steel Ranged Weapons |
| 9:30 | Fortress |
| 9:51 | Wind Walk |
| 10:14 | Orc Burrow |
| 10:40 | Scroll of Town Portal |
| 11:25 | Peon |
| 11:25 | Peon |
| 11:25 | Peon |
| 11:25 | Peon |
| 11:46 | Altar of Storms |
| 12:16 | Scroll of Town Portal |
| 12:16 | Orb of Lightning |
| 12:23 | Burning Oil |
| 12:26 | Peon |
| 12:26 | Peon |
| 12:26 | Peon |
| 12:29 | Watch Tower |
| 13:20 | Potion of Healing |
| 13:20 | Potion of Mana |
| 13:49 | Watch Tower |
| 13:54 | Watch Tower |
| 14:04 | Healing Salve |
| 14:04 | Lesser Clarity Potion |
| 14:33 | War Mill |
| 14:38 | Peon |
| 14:38 | Peon |
| 15:00 | Watch Tower |
| 15:04 | Goblin Shredder |
| 15:18 | Critical Strike |
| 15:51 | Watch Tower |
| Right click | 283 |
| Select | 172 |
| Build/train/purchase | 69 |
| Select group | 67 |
| Chat | 13 |
| Assign group | 11 |
| Use ability | 6 |
| Esc | 1 |
| Minimap ping | 1 |


| Rod of Necromancy | 3 | 450 |
| Potion of Mana | 2 | 400 |
| Dust of Appearance | 1 | 75 |
| Scroll of Town Portal | 1 | 350 |
| total: | 7 | 1275g |
| Acolyte | 5 | 375 | / | 0 |
| Ghoul | 2 | 240 | / | 0 |
| Crypt Fiend | 10 | 2150 | / | 400 |
| Obsidian Statue | 2 | 400 | / | 70 |
| total: | 19 | 3165g | / | 470w |
| Spirit Tower | 1 | 145 | / | 40 |
| Nerubian Tower | 1 | 100 | / | 20 |
| Crypt | 2 | 400 | / | 100 |
| Altar of Darkness | 1 | 180 | / | 50 |
| Ziggurat | 4 | 600 | / | 200 |
| Graveyard | 1 | 215 | / | 0 |
| Tomb of Relics | 1 | 130 | / | 30 |
| Slaughterhouse | 1 | 140 | / | 135 |
| Halls of the Dead | 1 | 320 | / | 210 |
| Black Citadel | 1 | 325 | / | 230 |
| total: | 10 | 1665g | / | 515w |
| 0:02 | Acolyte |
| 0:02 | Acolyte |
| 0:04 | Crypt |
| 0:25 | Altar of Darkness |
| 0:34 | Ziggurat |
| 1:07 | Graveyard |
| 1:08 | Ghoul |
| 1:22 | Tomb of Relics |
| 1:34 | Ghoul |
| 2:05 | Ziggurat |
| 2:25 | Rod of Necromancy |
| 2:27 | Death Coil |
| 2:28 | Crypt Fiend |
| 3:04 | Halls of the Dead |
| 3:19 | Crypt Fiend |
| 3:42 | Rod of Necromancy |
| 3:56 | Ziggurat |
| 4:19 | Crypt Fiend |
| 4:40 | Unholy Aura |
| 5:04 | Crypt Fiend |
| 5:28 | Dust of Appearance |
| 5:51 | Crypt Fiend |
| 5:54 | Crypt |
| 6:39 | Crypt Fiend |
| 6:53 | Frost Nova |
| 6:57 | Death Coil |
| 6:59 | Potion of Mana |
| 7:13 | Slaughterhouse |
| 7:28 | Crypt Fiend |
| 7:32 | Potion of Mana |
| 8:09 | Crypt Fiend |
| 8:38 | Dark Ritual |
| 8:45 | Obsidian Statue |
| 8:45 | Crypt Fiend |
| 8:47 | Scroll of Town Portal |
| 8:56 | Rod of Necromancy |
| 9:56 | Black Citadel |
| 10:00 | Ziggurat |
| 10:41 | Spirit Tower |
| 10:43 | Nerubian Tower |
| 11:37 | Web |
| 11:52 | Creature Attack |
| 11:52 | Creature Carapace |
| 11:54 | Crypt Fiend |
| 11:56 | Frost Nova |
| 12:41 | Death Pact |
| 12:48 | Destroyer Form |
| 12:50 | Obsidian Statue |
| 13:37 | Acolyte |
| 13:37 | Acolyte |
| 13:58 | Improved Creature Attack |
| 14:03 | Acolyte |
| Right click | 838 |
| Select group | 547 |
| Select | 285 |
| Misc. action | 91 |
| Build/train/purchase | 77 |
| Assign group | 35 |
| Use ability | 33 |
| Item give/drop | 4 |
| Minimap ping | 4 |


| Potion of Healing | 2 | 300 |
| total: | 2 | 300g |
| Acolyte | 4 | 300 | / | 0 |
| Ghoul | 10 | 1200 | / | 0 |
| Crypt Fiend | 8 | 1720 | / | 320 |
| total: | 22 | 3220g | / | 320w |
| Nerubian Tower | 1 | 100 | / | 20 |
| Spirit Tower | 2 | 290 | / | 80 |
| Altar of Darkness | 1 | 180 | / | 50 |
| Ziggurat | 6 | 900 | / | 300 |
| Crypt | 2 | 400 | / | 100 |
| Graveyard | 1 | 215 | / | 0 |
| Tomb of Relics | 1 | 130 | / | 30 |
| Boneyard | 1 | 175 | / | 200 |
| Halls of the Dead | 1 | 320 | / | 210 |
| Black Citadel | 1 | 325 | / | 230 |
| total: | 12 | 2000g | / | 680w |
| 0:08 | Acolyte |
| 0:08 | Acolyte |
| 0:16 | Altar of Darkness |
| 0:23 | Ziggurat |
| 0:37 | Crypt |
| 1:05 | Graveyard |
| 1:10 | Acolyte |
| 1:33 | Ziggurat |
| 1:43 | Ghoul |
| 1:59 | Crypt |
| 2:07 | Ghoul |
| 2:21 | Death Coil |
| 2:35 | Tomb of Relics |
| 2:39 | Ghoul |
| 3:00 | Ghoul |
| 3:16 | Nerubian Tower |
| 3:57 | Halls of the Dead |
| 4:00 | Crypt Fiend |
| 4:17 | Ziggurat |
| 4:39 | Crypt Fiend |
| 4:57 | Spirit Tower |
| 5:10 | Spirit Tower |
| 5:32 | Crypt Fiend |
| 5:41 | Ghoul |
| 6:08 | Ghoul |
| 6:10 | Death Pact |
| 6:23 | Potion of Healing |
| 6:34 | Potion of Healing |
| 7:04 | Ghoul |
| 8:10 | Crypt Fiend |
| 9:05 | Acolyte |
| 9:29 | Crypt Fiend |
| 9:29 | Crypt Fiend |
| 9:51 | Crypt Fiend |
| 9:56 | Death Coil |
| 10:04 | Ghoul |
| 10:57 | Ghoul |
| 11:29 | Ghoul |
| 12:03 | Black Citadel |
| 12:07 | Web |
| 12:15 | Ziggurat |
| 13:10 | Crypt Fiend |
| 13:38 | Creature Attack |
| 13:43 | Creature Carapace |
| 14:02 | Ziggurat |
| 14:43 | Boneyard |
| 14:53 | Ziggurat |
| 15:11 | Impale |
| Select group | 252 |
| Right click | 243 |
| Select | 119 |
| Build/train/purchase | 40 |
| Assign group | 18 |
| Use ability | 15 |
| Misc. action | 14 |
| Minimap ping | 1 |


| Lesser Clarity Potion | 2 | 140 |
| Healing Salve | 1 | 100 |
| total: | 3 | 240g |
| Peon | 10 | 750 | / | 0 |
| Grunt | 1 | 200 | / | 0 |
| Raider | 5 | 900 | / | 200 |
| Wind Rider | 2 | 530 | / | 80 |
| total: | 18 | 2380g | / | 280w |
| Watch Tower | 5 | 550 | / | 400 |
| Altar of Storms | 1 | 180 | / | 50 |
| Orc Burrow | 6 | 960 | / | 240 |
| Barracks | 1 | 180 | / | 50 |
| Voodoo Lounge | 2 | 260 | / | 60 |
| War Mill | 1 | 205 | / | 0 |
| Great Hall | 1 | 385 | / | 185 |
| Beastiary | 2 | 290 | / | 280 |
| Stronghold | 1 | 315 | / | 190 |
| Fortress | 1 | 325 | / | 190 |
| total: | 19 | 3010g | / | 1265w |
| 0:03 | Peon |
| 0:03 | Peon |
| 0:07 | Altar of Storms |
| 0:09 | Orc Burrow |
| 0:34 | Peon |
| 0:37 | Barracks |
| 0:38 | Peon |
| 0:50 | Peon |
| 1:11 | Peon |
| 1:11 | Peon |
| 1:29 | Peon |
| 1:40 | Grunt |
| 1:49 | Peon |
| 2:09 | Feral Spirit |
| 2:17 | Stronghold |
| 2:49 | Voodoo Lounge |
| 3:02 | War Mill |
| 3:07 | Orc Burrow |
| 3:25 | Chain Lighting |
| 4:12 | Orc Burrow |
| 4:44 | Beastiary |
| 4:45 | Beastiary |
| 4:47 | Steel Ranged Weapons |
| 4:56 | Peon |
| 5:01 | Feral Spirit |
| 6:06 | Raider |
| 6:06 | Raider |
| 6:08 | Pillage |
| 6:17 | Healing Wave |
| 6:32 | Orc Burrow |
| 6:34 | Steel Melee Weapons |
| 7:49 | Ensnare |
| 7:49 | Raider |
| 8:16 | Raider |
| 8:56 | Voodoo Lounge |
| 9:15 | Chain Lighting |
| 9:21 | Hex |
| 9:33 | Raider |
| 10:06 | Fortress |
| 10:08 | Reinforced Defenses |
| 10:27 | Wind Rider |
| 10:43 | Watch Tower |
| 10:53 | Watch Tower |
| 10:54 | Thorium Ranged Weapons |
| 11:59 | Orc Burrow |
| 12:30 | Lesser Clarity Potion |
| 12:31 | Lesser Clarity Potion |
| 12:34 | Healing Salve |
| 12:44 | Watch Tower |
| 12:46 | Envenomed Spears |
| 12:46 | Wind Rider |
| 12:48 | Orc Burrow |
| 13:01 | Great Hall |
| 13:09 | Watch Tower |
| 14:17 | Healing Wave |
| 14:35 | Watch Tower |
| Right click | 802 |
| Select group | 250 |
| Select | 229 |
| Chat | 186 |
| Build/train/purchase | 67 |
| Misc. action | 41 |
| Use ability | 40 |
| Assign group | 39 |
| Minimap ping | 2 |
| Item give/drop | 1 |
| Remove unit | 1 |
| Esc | 1 |
111 units @ 11.5k
/ 1.1k
53 buildings @ 8.3k
/ 4.2k

| Wisp | 11 | 660 | / | 0 |
| Archer | 12 | 1560 | / | 120 |
| Druid of the Talon | 2 | 290 | / | 40 |
| total: | 25 | 2510g | / | 160w |
| Altar of Elders | 1 | 180 | / | 50 |
| Moon Well | 3 | 540 | / | 120 |
| Ancient of War | 2 | 300 | / | 120 |
| Hunter's Hall | 1 | 210 | / | 100 |
| Ancient of Wonders | 1 | 90 | / | 30 |
| Ancient of Wind | 3 | 450 | / | 420 |
| Tree of Ages | 1 | 320 | / | 180 |
| Tree of Eternity | 1 | 330 | / | 200 |
| total: | 11 | 1770g | / | 840w |
| 0:03 | Wisp |
| 0:03 | Wisp |
| 0:04 | Wisp |
| 0:23 | Altar of Elders |
| 0:25 | Moon Well |
| 0:43 | Wisp |
| 0:52 | Ancient of War |
| 1:06 | Wisp |
| 1:06 | Wisp |
| 1:13 | Moon Well |
| 1:23 | Wisp |
| 1:39 | Wisp |
| 1:39 | Wisp |
| 1:59 | Archer |
| 2:04 | Wisp |
| 2:04 | Wisp |
| 2:20 | Archer |
| 2:28 | Searing Arrows |
| 2:43 | Archer |
| 2:47 | Ancient of War |
| 2:59 | Hunter's Hall |
| 3:15 | Moon Well |
| 3:52 | Archer |
| 4:03 | Trueshot Aura |
| 4:41 | Archer |
| 4:46 | Strength of the Moon |
| 4:48 | Tree of Ages |
| 4:54 | Ancient of Wonders |
| 6:01 | Archer |
| 6:01 | Archer |
| 6:08 | Moon Armor |
| 7:08 | Archer |
| 7:08 | Archer |
| 7:14 | Improved Bows |
| 7:15 | Improved Strength of the Moon |
| 7:16 | Improved Moon Armor |
| 7:40 | Trueshot Aura |
| 9:31 | Archer |
| 9:31 | Archer |
| 9:32 | Archer |
| 9:35 | Ancient of Wind |
| 9:36 | Ancient of Wind |
| 10:08 | Ancient of Wind |
| 10:37 | Tree of Eternity |
| 11:50 | Druid of the Talon |
| 11:50 | Druid of the Talon |
| Right click | 282 |
| Select | 128 |
| Build/train/purchase | 38 |
| Chat | 27 |
| Misc. action | 14 |
| Select group | 11 |
| Use ability | 8 |
| Minimap ping | 7 |
| Assign group | 2 |
| Remove unit | 2 |


| Wisp | 5 | 300 | / | 0 |
| Chimaera | 6 | 1980 | / | 420 |
| Dryad | 3 | 435 | / | 180 |
| Goblin Shredder | 1 | 375 | / | 100 |
| total: | 15 | 3090g | / | 700w |
| Altar of Elders | 1 | 180 | / | 50 |
| Moon Well | 4 | 720 | / | 160 |
| Hunter's Hall | 1 | 210 | / | 100 |
| Ancient of Lore | 1 | 155 | / | 145 |
| Chimaera Roost | 3 | 420 | / | 570 |
| Tree of Ages | 1 | 320 | / | 180 |
| Tree of Eternity | 1 | 330 | / | 200 |
| total: | 10 | 1685g | / | 1025w |
| 0:03 | Wisp |
| 0:03 | Wisp |
| 0:04 | Wisp |
| 0:04 | Wisp |
| 0:32 | Tree of Ages |
| 0:46 | Altar of Elders |
| 1:13 | Moon Well |
| 2:54 | Tree of Eternity |
| 3:09 | Immolation |
| 3:20 | Moon Well |
| 4:01 | Evasion |
| 4:25 | Hunter's Hall |
| 5:05 | Goblin Shredder |
| 6:11 | Chimaera Roost |
| 6:17 | Pocket Factory |
| 7:19 | Chimaera Roost |
| 8:19 | Chimaera |
| 8:23 | Chimaera Roost |
| 8:25 | Well Spring |
| 8:32 | Moon Well |
| 8:38 | Moon Well |
| 9:08 | Reinforced Hides |
| 9:08 | Strength of the Wild |
| 9:37 | Engineering Upgrade |
| 9:45 | Evasion |
| 9:54 | Corrosive Breath |
| 9:55 | Chimaera |
| 10:34 | Wisp |
| 10:41 | Ancient of Lore |
| 11:26 | Chimaera |
| 11:27 | Chimaera |
| 11:46 | Improved Strength of the Wild |
| 13:01 | Abolish Magic |
| 13:03 | Advanced Strength of the Wild |
| 13:41 | Chimaera |
| 13:44 | Dryad |
| 14:37 | Dryad |
| 14:38 | Dryad |
| 14:59 | Improved Reinforced Hides |
| 15:02 | Chimaera |
| Right click | 247 |
| Select | 202 |
| Build/train/purchase | 61 |
| Use ability | 13 |
| Resource trade | 5 |
| Minimap ping | 1 |


| Wisp | 14 | 840 | / | 0 |
| Huntress | 8 | 1560 | / | 160 |
| Archer | 2 | 260 | / | 20 |
| Hippogryph | 3 | 480 | / | 60 |
| Mur'gul Snarecaster | 1 | 215 | / | 20 |
| total: | 28 | 3355g | / | 260w |
| Ancient Protector | 2 | 270 | / | 160 |
| Altar of Elders | 1 | 180 | / | 50 |
| Moon Well | 5 | 900 | / | 200 |
| Hunter's Hall | 1 | 210 | / | 100 |
| Ancient of War | 2 | 300 | / | 120 |
| Ancient of Wonders | 1 | 90 | / | 30 |
| Ancient of Wind | 1 | 150 | / | 140 |
| Tree of Ages | 1 | 320 | / | 180 |
| Tree of Eternity | 1 | 330 | / | 200 |
| total: | 13 | 2100g | / | 800w |
| 0:04 | Wisp |
| 0:04 | Wisp |
| 0:04 | Wisp |
| 0:12 | Altar of Elders |
| 0:20 | Moon Well |
| 0:23 | Wisp |
| 0:36 | Wisp |
| 1:08 | Hunter's Hall |
| 1:31 | Moon Well |
| 1:46 | Wisp |
| 1:55 | Ancient of War |
| 2:00 | Wisp |
| 2:19 | Force of Nature |
| 2:30 | Ancient of War |
| 2:35 | Moon Well |
| 3:02 | Huntress |
| 3:09 | Wisp |
| 3:11 | Wisp |
| 3:26 | Ancient Protector |
| 3:34 | Wisp |
| 3:35 | Wisp |
| 3:51 | Ancient Protector |
| 4:05 | Huntress |
| 4:21 | Huntress |
| 5:43 | Moon Armor |
| 5:43 | Strength of the Moon |
| 5:44 | Huntress |
| 5:59 | Entangling Roots |
| 6:44 | Tree of Ages |
| 6:46 | Huntress |
| 7:23 | Mur'gul Snarecaster |
| 8:49 | Huntress |
| 8:50 | Huntress |
| 9:15 | Force of Nature |
| 10:16 | Huntress |
| 11:06 | Improved Moon Armor |
| 11:07 | Improved Strength of the Moon |
| 11:13 | Ancient of Wind |
| 11:17 | Archer |
| 11:18 | Improved Bows |
| 11:30 | Wisp |
| 11:30 | Wisp |
| 11:31 | Wisp |
| 11:39 | Ancient of Wonders |
| 13:22 | Archer |
| 13:23 | Hippogryph |
| 13:24 | Hippogryph |
| 13:52 | Hippogryph |
| 13:59 | Moon Well |
| 14:24 | Tree of Eternity |
| 15:04 | Moon Well |
| 15:17 | Entangling Roots |
| 15:33 | Searing Arrows |
| Right click | 554 |
| Select | 139 |
| Misc. action | 57 |
| Assign group | 47 |
| Build/train/purchase | 45 |
| Use ability | 18 |
| Select group | 13 |
| Resource trade | 5 |

| Staff of Preservation | 1 | 150 |
| Potion of Mana | 1 | 200 |
| Potion of Healing | 1 | 150 |
| total: | 3 | 500g |
| Wisp | 43 | 2580 | / | 0 |
| total: | 43 | 2580g | / | 0w |
| Ancient Protector | 12 | 1620 | / | 960 |
| Hunter's Hall | 1 | 210 | / | 100 |
| Moon Well | 2 | 360 | / | 80 |
| Altar of Elders | 1 | 180 | / | 50 |
| Ancient of Wonders | 1 | 90 | / | 30 |
| Ancient of Lore | 2 | 310 | / | 290 |
| Tree of Ages | 1 | 320 | / | 180 |
| total: | 19 | 2770g | / | 1510w |
| 0:02 | Wisp |
| 0:02 | Wisp |
| 0:02 | Wisp |
| 0:03 | Wisp |
| 0:05 | Wisp |
| 0:05 | Wisp |
| 0:24 | Hunter's Hall |
| 0:30 | Moon Well |
| 0:38 | Wisp |
| 0:39 | Wisp |
| 0:56 | Wisp |
| 0:56 | Wisp |
| 0:57 | Wisp |
| 1:04 | Wisp |
| 1:15 | Wisp |
| 1:15 | Wisp |
| 1:33 | Wisp |
| 1:44 | Ancient Protector |
| 1:50 | Wisp |
| 1:50 | Wisp |
| 2:01 | Altar of Elders |
| 2:13 | Moon Well |
| 2:25 | Wisp |
| 2:25 | Wisp |
| 2:40 | Ancient Protector |
| 2:46 | Wisp |
| 2:46 | Wisp |
| 3:08 | Wisp |
| 3:08 | Wisp |
| 3:08 | Wisp |
| 3:09 | Wisp |
| 3:23 | Ancient Protector |
| 3:26 | Wisp |
| 3:26 | Wisp |
| 3:27 | Wisp |
| 3:33 | Wisp |
| 3:49 | Ancient Protector |
| 4:02 | Force of Nature |
| 4:15 | Ancient Protector |
| 4:16 | Ancient Protector |
| 4:29 | Ancient Protector |
| 4:32 | Wisp |
| 4:32 | Wisp |
| 5:45 | Wisp |
| 5:46 | Wisp |
| 5:46 | Wisp |
| 5:46 | Wisp |
| 5:46 | Wisp |
| 5:46 | Wisp |
| 6:23 | Entangling Roots |
| 7:18 | Ancient Protector |
| 7:36 | Ancient Protector |
| 7:37 | Ancient Protector |
| 7:39 | Wisp |
| 7:39 | Wisp |
| 7:40 | Wisp |
| 7:40 | Wisp |
| 7:40 | Wisp |
| 7:40 | Wisp |
| 7:46 | Ancient Protector |
| 7:59 | Ancient Protector |
| 8:19 | Tree of Ages |
| 10:10 | Ancient of Wonders |
| 10:47 | Ancient of Lore |
| 10:48 | Ancient of Lore |
| 10:52 | Staff of Preservation |
| 10:53 | Potion of Mana |
| 10:53 | Potion of Healing |
| Select | 239 |
| Right click | 238 |
| Select group | 89 |
| Build/train/purchase | 66 |
| Use ability | 48 |
| Assign group | 24 |
| Remove unit | 11 |
| Minimap ping | 5 |
⇛